Map: Newkirk Precinct TE (Void)

Players

Malcolm

  • Race: Zerg Zerg
  • Spawn Location: 5:00

Arctur - Winner!

  • Race: Terran Terran
  • Spawn Location: 7:00

Event: IEM XI Katowice - World Championship 2017

VOD

Have the link to the VOD?

Description

Time

  • Played on: Feb. 28, 2017, 5:52 a.m.
  • Length: 15:02

All games in this series

Show
View Real Time Build Order
Export as new Build Order

Malcolm Zerg 

Build Orders: Hatch First 

Get SALT Encoding   

  12  0:00  Drone  
  13  0:13  Overlord  
  13  0:18  Drone  
  14  0:31  Drone x2  
  14  0:35  Drone  
  17  0:53  Hatchery  
  17  0:55  Drone  
  17  0:58  Drone  
  18  1:09  Extractor  
  17  1:14  Spawning Pool  
  17  1:17  Drone  
  17  1:20  Drone  
  18  1:28  Drone  
  19  1:39  Overlord  
  19  1:49  Drone  
  20  2:00  Queen  
  20  2:01  Zergling x2  
  23  2:04  Queen  
  23  2:05  Zergling x2  
  26  2:09  Metabolic Boost  
  26  2:12  Drone  
  27  2:16  Drone  
  28  2:24  Drone  
  28  2:37  Extractor  
  28  2:38  Hatchery  
  27  2:46  Drone x2  
  27  2:47  Drone x2  
  31  2:52  Overlord  
  31  2:59  Queen  
  31  3:03  Drone  
  34  3:09  Drone  
  34  3:10  Drone  
  34  3:12  Drone  
  36  3:17  Drone x3  
  39  3:22  Overlord  
  39  3:26  Drone x2  
  41  3:31  Drone  
  41  3:33  Drone x2  
  44  3:41  Drone  
  45  3:43  Extractor  
  45  3:44  Roach Warren  
  45  3:45  Drone  
  44  3:48  Drone  
  44  3:49  Drone  
  46  3:57  Lair  
  46  3:59  Drone x2  
  48  4:04  Queen  
  48  4:07  Overlord  
  50  4:10  Overlord  
  50  4:21  Overlord  
  50  4:24  Roach x4  
  50  4:31  Roach x3  
  60  4:34  Roach  
  68  4:38  Roach  
  68  4:48  Overlord  
  70  4:53  Roach x2  
  70  4:54  Drone x6  
  78  5:02  Glial Reconstitution  
  78  5:14  Drone x9  
  84  5:25  Drone x2  
  84  5:26  Drone x7  
  83  5:37  Drone  
  83  5:38  Drone x2  
  83  5:42  Extractor x2  
  77  5:56  Evolution Chamber, Drone x7  
  83  5:58  Evolution Chamber  
  83  6:03  Extractor  
  81  6:05  Drone  
  82  6:12  Drone x4  
  82  6:17  Queen  
  86  6:24  Zerg Missile Weapons Level 1  
  86  6:32  Zerg Ground Armor Level 1  
  86  6:33  Drone x3  
  86  6:37  Hatchery, Extractor, Drone x2  
  89  6:41  Overlord x2  
  89  6:58  Overlord  
  89  7:06  Roach x4  
  97  7:12  Overlord x2  
  97  7:23  Roach x4  
  105  7:30  Overlord  
  105  7:35  Roach x8  
  121  7:45  Overlord x4  
  121  7:54  Roach  
  121  7:55  Roach x6  
  126  8:18  Roach  
  126  8:19  Roach x12  
  152  8:28  Overlord  
  152  8:29  Overlord x2  
  152  8:30  Overseer  
  152  8:34  Overlord x2  
  152  8:47  Ravager x18  
  170  8:48  Roach  
  170  8:49  Roach x2  
  174  9:05  Roach x9  
  175  9:12  Roach x3  
  154  9:25  Roach  
  154  9:26  Roach x4  
  152  9:34  Roach x4  
  154  9:43  Roach x3  
  143  9:48  Roach x2  
  143  9:50  Roach  
  125  9:59  Roach x3  
  124  10:02  Roach  
  124  10:04  Roach  
  126  10:09  Roach x2  
  123  10:16  Roach x3  
  106  10:22  Roach  
  106  10:23  Roach  
  110  10:38  Roach x5  
  110  10:39  Roach  
  110  10:41  Ravager x2  
  124  10:43  Ravager x3  
  124  10:44  Ravager  
  124  10:45  Ravager  
  129  10:52  Roach x2  
  131  11:13  Roach x8  
  129  11:26  Roach x2  
  129  11:27  Roach  
  127  11:44  Roach x5  
  138  11:47  Ravager x2  
  136  11:55  Roach x2  
  136  12:01  Roach  
  128  12:10  Roach  
  128  12:11  Roach  
  104  12:19  Roach x2  
  93  12:23  Roach  
  92  12:31  Roach  
  92  12:32  Roach  
  90  12:37  Roach  
  90  12:41  Roach  
  94  12:46  Roach  
  84  13:00  Roach x3  
  84  13:09  Roach x2  
  76  13:13  Roach  
  76  13:19  Roach  
  53  13:30  Ravager  
  53  13:31  Zergling x4  
  53  13:32  Zergling x4  
  58  13:44  Roach  
  58  13:45  Roach x2  
  64  13:54  Ravager  
  57  14:15  Zergling x14  
  64  14:22  Ravager x2  
  63  14:26  Zergling x2  
  56  14:39  Zergling x2  
  56  14:44  Zergling x2  
Show
View Real Time Build Order
Export as new Build Order

Arctur Terran - Winner!

Build Orders: Reaper Expand, Bio Tank 

Get SALT Encoding   

  12  0:00  SCV  
  13  0:12  SCV  
  14  0:18  Supply Depot  
  14  0:25  SCV  
  15  0:40  SCV  
  15  0:42  Barracks  
  16  0:45  Refinery  
  16  0:52  SCV  
  17  1:04  SCV  
  18  1:16  SCV  
  19  1:28  Reaper  
  19  1:29  Orbital Command  
  20  1:43  Command Center  
  21  1:54  SCV  
  21  1:57  Barracks  
  21  2:01  Barracks Reactor  
  21  2:06  SCV  
  22  2:10  Supply Depot  
  22  2:18  SCV  
  22  2:21  Refinery  
  23  2:26  Factory  
  23  2:31  SCV  
  24  2:42  Marine x2  
  24  2:44  SCV  
  27  2:46  Barracks Tech Lab  
  27  2:54  Orbital Command  
  27  2:56  SCV  
  28  3:00  Marine x2  
  30  3:06  Stimpack  
  30  3:18  Marine x2  
  33  3:20  SCV x2  
  33  3:23  Starport  
  33  3:25  Factory Reactor  
  34  3:32  SCV x2  
  36  3:34  Marine  
  36  3:36  Marine  
  36  3:39  Supply Depot  
  38  3:44  SCV  
  38  3:45  SCV  
  38  3:48  Marine  
  40  3:52  Marine  
  40  3:54  Marine  
  42  3:56  SCV  
  42  3:57  SCV  
  42  4:02  Supply Depot x2  
  44  4:07  Medivac  
  44  4:08  SCV  
  44  4:09  SCV  
  48  4:11  Medivac  
  48  4:14  Marine x2  
  48  4:16  Marine  
  53  4:20  SCV  
  55  4:24  SCV  
  55  4:26  Engineering Bay  
  55  4:27  Engineering Bay  
  55  4:37  SCV x2  
  57  4:39  Supply Depot  
  57  4:44  Marine x3  
  60  4:49  SCV x2  
  62  4:54  Terran Infantry Weapons Level 1  
  62  4:57  Bunker  
  62  4:58  Terran Infantry Armor Level 1  
  62  5:02  Marine x3  
  62  5:03  Supply Depot  
  62  5:04  SCV  
  62  5:06  Combat Shields  
  66  5:16  Bunker  
  66  5:20  Marine x3, Factory Tech Lab  
  65  5:29  SCV x2  
  65  5:32  Command Center  
  67  5:37  Marine  
  65  5:43  Siege Tank  
  65  5:45  SCV  
  65  5:46  SCV  
  65  5:48  Supply Depot, Refinery, Barracks  
  70  5:57  Marine x3  
  70  5:58  SCV x2  
  70  6:00  Medivac  
  70  6:04  Refinery  
  77  6:05  Armory  
  77  6:14  Marine  
  77  6:15  Marine  
  78  6:22  Marine, Medivac  
  78  6:23  SCV x2  
  83  6:30  Concussive Shells  
  83  6:32  Marine  
  83  6:35  Barracks  
  83  6:36  Supply Depot  
  83  6:37  Supply Depot, Barracks  
  84  6:47  Siege Tank  
  84  6:48  Barracks Reactor  
  84  6:50  SCV x2  
  84  6:51  Marine x2  
  84  6:52  Marauder  
  93  6:59  Supply Depot  
  93  7:04  Medivac  
  97  7:09  Marine, SCV x2  
  97  7:12  Marine x2  
  102  7:18  Refinery  
  103  7:23  Refinery  
  103  7:24  SCV x2  
  100  7:34  Orbital Command  
  100  7:36  Marine x3, SCV x2  
  100  7:37  Marine, Supply Depot  
  104  7:38  Barracks Reactor x2  
  106  7:46  Liberator  
  106  7:49  SCV x2  
  108  7:55  Marine, Marauder  
  108  7:58  Siege Tank  
  112  8:01  SCV  
  112  8:02  SCV  
  112  8:03  Medivac  
  112  8:04  Marine x2, Supply Depot  
  121  8:06  Marine  
  121  8:13  Marine  
  121  8:16  Marine  
  121  8:19  Terran Vehicle Weapons Level 1  
  118  8:22  Marine x2, SCV x2  
  118  8:23  Marine x4  
  125  8:28  Supply Depot  
  125  8:30  Siege Tank  
  129  8:34  SCV  
  129  8:35  Marine, Marauder, Medivac  
  129  8:36  Bunker  
  134  8:41  Marine  
  134  8:43  Marine x2  
  134  8:46  Medivac  
  139  8:55  Marine x3  
  140  8:56  Marine x2, Marauder  
  140  8:59  Marine, Supply Depot  
  140  9:00  Supply Depot  
  140  9:01  Marine x2  
  140  9:02  Siege Tank  
  152  9:05  Medivac  
  133  9:13  Marine x5  
  133  9:14  Liberator  
  133  9:17  Marine x2  
  124  9:18  Liberator, Marine  
  124  9:19  Marine  
  114  9:31  Marine x5  
  114  9:34  Marine, Siege Tank  
  114  9:35  Marine  
  114  9:36  Marine x2  
  101  9:48  Marine  
  101  9:49  Marine x4  
  101  9:52  Marine x2  
  82  9:54  Marine x2, SCV x2  
  78  10:02  Orbital Command  
  78  10:06  Marine, Siege Tank  
  78  10:07  Marine x4  
  78  10:10  Marine  
  78  10:11  Orbital Command  
  79  10:20  SCV  
  76  10:25  Marine  
  76  10:26  Unknown x2  
  76  10:29  SCV  
  76  10:32  SCV  
  78  10:41  Siege Tank, SCV  
  82  10:43  SCV  
  82  10:44  SCV  
  82  10:49  Marauder  
  86  10:54  SCV  
  86  10:55  SCV  
  86  10:56  Marine, SCV  
  90  11:04  Marine x3  
  90  11:09  Marine, SCV x2  
  93  11:13  Marine x2, SCV  
  93  11:21  SCV  
  93  11:22  SCV  
  93  11:29  Engineering Bay x2  
  93  11:31  Bunker x2  
  93  11:32  Supply Depot  
  93  11:33  Bunker, Siege Tank, SCV x2  
  93  11:34  SCV  
  93  11:39  Marine  
  101  11:44  Marine  
  101  11:45  SCV  
  101  11:51  SCV  
  100  11:57  Terran Infantry Armor Level 2  
  100  12:00  Marine  
  100  12:04  Marine x2  
  100  12:05  Marine, Siege Tank  
  97  12:10  Marine x2  
  97  12:14  Liberator x2, Marine  
  97  12:15  Marine x2  
  86  12:18  Marine  
  86  12:22  Marine x3  
  79  12:28  Marine x2  
  78  12:32  Marine  
  78  12:33  Marine  
  85  12:37  Siege Tank  
  85  12:40  Marine x2  
  85  12:43  SCV x2  
  85  12:48  SCV  
  85  12:50  Marine x2  
  84  12:51  Marauder  
  79  13:02  SCV, Orbital Command  
  79  13:04  Unknown  
  79  13:05  Unknown x2  
  68  13:08  SCV  
  56  13:14  Medivac  
  56  13:16  SCV  
  55  13:20  SCV  
  54  13:28  SCV  
  54  13:32  SCV  
  56  13:34  SCV  
  56  13:40  SCV  
  56  13:41  Marine  
  58  13:43  Marine  
  58  13:44  SCV  
  58  13:45  Marine  
  62  13:50  Siege Tank  
  62  13:52  Marine  
  62  13:55  Marine  
  66  13:59  Marine  
  66  14:01  Marine, SCV  
  70  14:03  Marine  
  70  14:04  SCV  
  70  14:05  SCV  
  70  14:10  Marine  
  70  14:13  Marine, SCV  
  70  14:17  SCV x2  
  75  14:22  Siege Tank  
  78  14:25  Marine  
  78  14:27  SCV  
  78  14:29  SCV  
  78  14:30  Marine  
  78  14:31  Marine, Marauder  
  83  14:34  SCV  
  83  14:36  Marine  
  86  14:39  SCV  
  86  14:42  Marine  
  78  14:47  SCV x2  

Tags
 
Add a new tag
Caveats
  • Supply blocks, unpowered buildings, or Contaminate may cause inaccurate times.
  • Supply counts are checked every 10 seconds.